Cogmind - Beta 10.2 @@@ ROGUE MODE // 2020.11.08 @ 13:16:06 // Halloween2020/ForbiddenLore Player: Demise Result: Destroyed by G-34 Mercenary with Small Laser Performance ------------- Evolutions (0) 0 Regions Visited (1) 200 Robots Destroyed (18) 90 Value Destroyed (424) 424 Prototype IDs (0) 0 Alien Tech Used (0) 0 Bonus (0) 0 TOTAL SCORE: 714 Bonus ------- None Cogmind --------- Core Integrity 0/250 Matter 300/300 Energy 100/100 System Corruption 2% Temperature Cool (6) Movement Core (50) Location -10/Materials Parts ------- > --- POWER (1) -------- (None) > --- PROPULSION (2) --- (None) > --- UTILITY (2) ------ (None) > --- WEAPON (2) ------- (None) > --- INVENTORY (4) ---- Ion Engine Medium Storage Unit Particle Gun Grenade Launcher Peak State ------------ > --- POWER ------------ Light Ion Engine > --- PROPULSION ------- Light Treads Light Treads > --- UTILITY ---------- Small Storage Unit Improved Terrain Scanner > --- WEAPON ----------- EM Pulse Gun Medium Laser > --- INVENTORY -------- Ion Engine Wheel Wheel Seismic Analyzer Small Laser Mining Laser [Rating: 8] Favorites ----------- Power Light Ion Engine Engine Light Ion Engine Propulsion Light Treads Treads Light Treads Leg Aluminum Leg Utility Large Storage Unit Device Improved Terrain Scanner Storage Large Storage Unit Weapon Medium Laser Energy Gun Medium Laser Energy Cannon Beam Cannon Build | -11 -10 ------- Run | Scr Mat Slots Evolved . | . . Power . | . . Propulsion . | . . Utility . | . . Weapon . | . . Parts Attached 9 | 3 6 Power 2 | . 2 Engine 2 | . 2 Core . | . . Reactor . | . . Propulsion 2 | 2 . Treads 2 | 2 . Leg . | . . Wheel . | . . Hover . | . . Flight . | . . Utility 3 | 1 2 Device 1 | 1 . Storage 2 | . 2 Processor . | . . Hackware . | . . Protection . | . . Artifact . | . . Weapon 2 | . 2 Energy Gun 1 | . 1 Energy Cannon 1 | . 1 Ballistic Gun . | . . Ballistic Cannon . | . . Launcher . | . . Special Weapon . | . . Impact Weapon . | . . Slashing Weapon . | . . Piercing Weapon . | . . Special Melee Weapon . | . . Unidentified Prototypes . | . . Parts Lost 1 | . 1 Power 1 | . 1 Propulsion . | . . Utility . | . . Weapon . | . . Highest Loss Streak 1 | . 1 Average Slot Usage (%) 93 | . 93 Engine 13 | . 13 Treads 26 | . 26 Device 4 | . 4 Storage 21 | . 21 Energy Gun 16 | . 16 Energy Cannon 10 | . 10 Naked Turns 35 | . 35 Heaviest Build 42 | 12 42 Greatest Support 40 | 40 40 Greatest Overweight (x) 1 | . 1 Average Overweight (x) . | . . Largest Inventory Capacity 16 | 6 16 Average Capacity 10 | 6 11 Most Carried 13 | 6 13 Average Carried 7 | 5 8 Final Capacity 6 | 6 4 Final Carried 6 | 6 4 Class Distribution -------------------- 100% | Mutant Dominant Class ---------------- Mutant | -10/Materials Resources | -11 -10 ----------- Run | Scr Mat Matter Collected 290 | 230 60 Remotely . | . . Salvage Created 638 | 230 408 Parts 43 | 21 22 Haulers Intercepted . | . . Recyclers Shooed . | . . Parts Field Recycled . | . . Retrieved Matter . | . . Parts Self-Destructed . | . . Prevented . | . . Kills | -11 -10 ------- Run | Scr Mat Combat Hostiles Destroyed 9 | . 9 Guns 6 | . 6 Cannons 3 | . 3 Classes Destroyed 5 | 3 2 Worker 2 | 2 . Tunneler 5 | 5 . Recycler 1 | 1 . Watcher 1 | . 1 Grunt 9 | . 9 Best Kill Streak 4 | 4 3 Combat Bots Only 3 | . 3 Max Kills in Single Turn 2 | 2 1 Gunslinging . | . . Exploded . | . . Melee . | . . Uniques/NPCs Destroyed . | . . Combat | -11 -10 -------- Run | Scr Mat Damage Taken 590 | . 590 Core 258 | . 258 Absorbed by Shields . | . . Core Remaining (%) 100 | 100 . Volleys Fired 53 | 16 37 Largest 2 | 2 2 Hottest 110 | 90 110 Shots Fired 103 | 32 71 Gun 76 | 32 44 Cannon 27 | . 27 Launcher . | . . Special . | . . Kinetic . | . . Thermal 84 | 16 68 Explosive . | . . Electromagnetic 19 | 16 3 Robot Hit Streak 11 | 6 11 Robot Miss Streak 4 | 2 4 Penetration Max . | . . Secondary Targets . | . . Shots Hit Robots 67 | 21 46 Core Hits 32 | 8 24 Critical Hits . | . . Critical Kills . | . . Critical Parts Destroyed . | . . Melee Attacks . | . . Impact . | . . Slashing . | . . Piercing . | . . Sneak Attacks . | . . Combat Hostiles . | . . Follow-up Attacks . | . . Damage Inflicted 994 | 341 653 Guns 657 | 243 414 Cannons 211 | . 211 Explosions 98 | 98 . Melee . | . . Ramming 28 | . 28 Kinetic . | . . Thermal 782 | 172 610 Explosive . | . . Electromagnetic 184 | 169 15 Impact . | . . Slashing . | . . Piercing . | . . Highest Corruption 2 | . 2 Average Corruption 1 | . 1 Corruption Purged . | . . Overload Shots . | . . Overflow Damage 12 | 12 . Projectiles . | . . Explosions 12 | 12 . Melee . | . . Knockbacks . | . . Impact . | . . Kinetic . | . . Secondary . | . . Self-Inflicted Damage 12 | . 12 Shots . | . . Rammed 7 | . 7 Targets Rammed 7 | . 7 Kicked . | . . Crushed . | . . Highest Temperature 296 | 180 296 Average Temperature 99 | 67 111 Received Heat Transfer 330 | . 330 Effects 3 | . 3 Energy Bleed 1 | . 1 Interference 2 | . 2 Siege Activations . | . . Robots Corrupted . | . . Combat Hostiles . | . . Parts Fried . | . . Impact Corruptions . | . . Robots Melted . | . . Combat Hostiles . | . . Parts Melted 4 | . 4 Heat Transferred 1940 | 372 1568 Parts Sabotaged . | . . Parts Stolen . | . . Parts Stripped . | . . Power Chain Reactions 2 | 2 . Missiles Intercepted . | . . Alert | -11 -10 ------- Run | Scr Mat Peak Influence 193 | 40 193 Initial 26 | . 26 Average 76 | 20 88 Maximum Alert Level . | . . Low Security (%) 100 | 100 100 Level 1 . | . . Level 2 . | . . Level 3 . | . . Level 4 . | . . Level 5 . | . . High Security . | . . Max Security . | . . Squads Dispatched 2 | . 2 Investigation . | . . Extermination . | . . Reinforcement 2 | . 2 Assault . | . . Garrison . | . . Intercept . | . . Construction Impeded . | . . Haulers Reinforced . | . . Stealth | -11 -10 --------- Run | Scr Mat Distress Signals 3 | . 3 Communications Jammed . | . . Distress Signals . | . . Times Spotted 25 | . 25 Peak Tracking Total 4 | . 4 Tactical Retreats 1 | . 1 Traps | -11 -10 ------- Run | Scr Mat Traps Triggered 1 | . 1 Indirectly . | . . Trap Hack Attempts . | . . Triggered . | . . Disarmed . | . . Reprogrammed . | . . Reused . | . . Traps Extracted . | . . Installed . | . . Triggered . | . . Machines | -11 -10 ---------- Run | Scr Mat Machines Disabled 2 | . 2 Max in Single Turn 1 | . 1 Machines Sabotaged . | . . Garrisons Compromised . | . . Overloaded Fab Kills . | . . Fab Network Shutdowns . | . . Hacking | -11 -10 --------- Run | Scr Mat Machines Accessed 2 | . 2 Terminals 2 | . 2 Fabricators . | . . Repair Stations . | . . Recycling Units . | . . Scanalyzers . | . . Garrison Access . | . . Total Hacks 7 | . 7 Successful 3 | . 3 Failed 4 | . 4 Catastrophic 1 | . 1 Database Lockouts . | . . Manual 7 | . 7 Terminals 7 | . 7 Fabricators . | . . Repair Stations . | . . Recycling Units . | . . Scanalyzers . | . . Garrison Access . | . . Terminal Hacks 1 | . 1 Recall Investigation 1 | . 1 Fabricator Hacks . | . . Repair Station Hacks . | . . Recycling Unit Hacks . | . . Scanalyzer . | . . Garrison Access Hacks . | . . Unauthorized Hacks 2 | . 2 Terminals 2 | . 2 Botnet 2 | . 2 Fabricators . | . . Repair Stations . | . . Recycling Units . | . . Scanalyzers . | . . Garrison Access . | . . Data Cores Recovered . | . . Used . | . . Hacking Detections 2 | . 2 Full Trace Events 1 | . 1 Feedback Events . | . . Feedback Blocked . | . . Robot Schematics Acquired . | . . Robots Built . | . . Matter . | . . Time . | . . Total Robot Build Rating . | . . Part Schematics Acquired . | . . Parts Built . | . . Matter . | . . Time . | . . Total Part Build Rating . | . . Parts Repaired . | . . Time . | . . Parts Recycled . | . . Recycled Matter . | . . Retrieved Matter . | . . Retrieved Components . | . . Parts Scanalyzed . | . . Part Schematics Acquired . | . . Parts Damaged . | . . Bothacking | -11 -10 ------------ Run | Scr Mat Used RIF Installer . | . . Robots Hacked . | . . Non-combat . | . . Combat . | . . Robot Hacks Applied . | . . Relay Couplers Released . | . . Robots Rewired . | . . Allies Hacked . | . . Hacks Repelled . | . . Allies | -11 -10 -------- Run | Scr Mat Total Allies . | . . Largest Group . | . . Highest-Rated Group . | . . Highest-Rated Ally . | . . Total Orders . | . . Ally Attacks . | . . Total Damage . | . . Kills . | . . Allies Corrupted . | . . Allies Melted . | . . Intel | -11 -10 ------- Run | Scr Mat Robot Analysis Total . | . . Derelict Logs Recovered . | . . Drone Launches . | . . Drone Recoveries . | . . Exploration | -11 -10 ------------- Run | Scr Mat Turns Passed 751 | 128 623 Spaces Moved 367 | 49 318 Core 53 | . 53 Treads 301 | 36 265 Legs 13 | 13 . Wheels . | . . Hover . | . . Flight . | . . Fastest Speed 50 | 120 50 Average Speed 146 | 149 145 Slowest Speed 180 | 160 180 Overloaded Moves . | . . Propulsion Burnouts . | . . Robots Hopped . | . . Cave-ins Triggered . | . . Exploration Rate (%) 28 | 3 53 Regions Visited 1 Branch Regions . Pre-discovered Areas . | . . Known Exits Taken . | . . Unknown Exits Taken 1 | 1 . Scrap Searched . | . . Spaces Dug . | . . Terrain Destroyed 2 | 2 . Melee . | . . Projectile . | . . AOE 2 | 2 . Terrain Rammed . | . . Walls Destroyed . | . . Machines Disabled . | . . Actions | -11 -10 --------- Run | Scr Mat Total 480 | 73 407 Wait 25 | . 25 Move 366 | 48 318 Hop . | . . Pick Up 12 | 3 9 Fast Attach 4 | 1 3 Attach 3 | 2 1 Detach 1 | . 1 Swap 2 | . 2 Drop 7 | 3 4 Fire 53 | 16 37 Melee . | . . Ram 7 | . 7 Kick . | . . Crush . | . . Escape Stasis . | . . Rewire . | . . Trap . | . . Miscellaneous . | . . Route ------- -11/Scrapyard -10/Materials (discovered 2 exits: [*Mat] / [*Min]) History --------- Turn | Location | Event 16 | -11/Scrapyard | Discovered new exit (range 3) 129 | -11/Scrapyard | Entered Materials 304 | -10/Materials | Build established: Mutant 324 | -10/Materials | Discovered new exit (range 16) 717 | -10/Materials | Released all parts (7) 727 | -10/Materials | Core integrity fell below 50% 728 | -10/Materials | Discovered new exit (range 8) 747 | -10/Materials | Core integrity fell below 20% 752 | -10/Materials | Destroyed by G-34 Mercenary with Small Laser Last Messages --------------- >>Recall(Investigation) Establishing remote squad link... No tasked investigation squads found. 00717_ Released Ion Engine. 00717_ Released Beam Cannon. 00717_ Released Lgt. Treads. 00717_ Released Med. Laser. 00717_ Released Lrg. Storage Unit. 00718_ R-06 Scavenger collects EM Pulse Gun. 00718_ R-06 Scavenger collects Aluminum Leg. 00721_ R-06 Scavenger collects Mining Laser. 00722_ O-16 Technician: "IFF HANDSHAKE FAILED. SECURING TERMINAL." 00722_ R-06 Scavenger collects Imp. Terrain Scanner. 00724_ R-06 Scavenger collects Wheel. 00728_ EXIT=FOUND 00736_ Slammed into G-34 Mercenary. 00739_ Destabilizing: System corrupted (+1). 00741_ Slammed into G-34 Mercenary. 00741_ Destabilizing: System corrupted (+1). 00742_ Slammed into G-34 Mercenary. Map ----- +----------------------------------------------------+ | | | | | | | | | | | | | | | | | | | ?????????????????????????????????????????????????? | | ???????????????????????####??????????????????????? | | ?????????????????????? ???????????????????????? | | ?????????????????????? """ #????????????????????? | | ???????????????#####? """ =#????????????????????? | | ???????????????# #? """ #????????????????????? | | ???????????????# < # #????????????????????? | | ???????????????# # *!#????????????????????? | | ???????????????# + ! #????????????????????? | | ???????????????# # #????????????????????? | | ???????????????# # #????????????????????? | | ??????????????## ##########????????????????????? | | ??????????????# ########?????????????????????? | | ??????????????# #?????????????????????? | | ??????????????# #?????????????????????? | | #?????????????# % #?????????????????????? | | ??????????????# ####g@%#?????????????????????? | | ??????????????#######??#%% #?????????????????????? | | #####??????????????????# g%#?????????????????????? | | #??????????????????# #?????????????????????? | | ##?????????????????# ###############???????? | | " #??????????????????# ??????? | | " #??????????????????# ??????? | | " #??????????######### ??????? | | #??????????# ##u ##############????????? | | ! #??????????# ## #??#######????????????? | | #####?########?# ## #??#"""""#????????????? | | ??????#!!]]!!#?# ## ####""T""###??????????? | | #?????#!!]]! #?# ## ## =#??????????? | | ##????# #?# *%! ## t## #??????????? | | #?#???### ######+### =!# """ #??????????? | | ????????# % !=% % *=# """"" #??????????? | | ????????# %= = !]!/ """" "#??????????? | | #??#????# % ![# """"" T#??????????? | | ##########+########/### # """ "#??????????? | | + * % # ### ## #??????????? | | #### "" =""" ""# #?# ############??????????? | | ???# """"""""" T"# #?# #?????????????????????? | | ???# ^""""" " ""# #?# #?????????????????????? | | ???# ^ # #?# #?????????????????????? | | ???# + #?# #?????????????????????? | +----------------------------------------------------+ Best States ------------- Heat Dissipation 25 Energy Generation 10 Energy Capacity 250 Matter Stores 300 Matter Capacity 300 Sight Range 16 Terrain Scan Range 16 Terrain Scan Density 10 Evasion (%) 50 Recoil Reduction 2 Item Schematics ----------------- None Robot Schematics ------------------ None Fabricated ------------ Nothing Alien Tech Used ----------------- None Achievements -------------- None Challenges ------------ None Game ------ Seed DisposableMetafieldShotgun Manual? 0 Play Time 00:08:15 Cumulative 87.1 hours Start 2020.11.08 @ 10:26:18 End 2020.11.08 @ 13:16:06 Sessions 3 Manual Loads 0 Difficulty Rogue Special Mode Halloween2020/ForbiddenLore Game No. 74 Rogue 74 Adventurer 0 Explorer 0 Win Type - Total 0 Types 0/0/0/0/0/0/0/0/0 Lore% 48 Gallery% 55 Achievement% 52 Wizard Run 0 Options --------- ASCII 0 Keyboard 1 Movement Numpad Keybinds 0 Fullscreen 1 Font 12/Terminus Map View 83x54 Tactical HUD 1 Map Filters NONE Filters NONE Steam 1 RUN: f42e387d-66b5-426b-bb9f-eac1b22336f7